 Dungeon Crawl Stone Soup version 0.16-a0-2839-gd16e107 (webtiles) character file.

79 MackTheKnife the Gusty (level 4, -2/24 HPs)
             Began as a Tengu Air Elementalist on Nov 29, 2014.
             Killed from afar by Ijyb (6 damage)
             ... with a wand of magic darts
             ... on level 2 of the Dungeon.
             The game lasted 00:06:34 (2176 turns).

MackTheKnife the Gusty (Tengu Air Elementalist)     Turns: 2176, Time: 00:06:34

Health: -2/24      AC:  3    Str:  8    XL:     4   Next: 38%
Magic:  7/8        EV: 12    Int: 17    God:
Gold:   50         SH:  0    Dex: 14    Spells: 3 memorised, 1 level left

rFire  + . .     SeeInvis .     e - +2 dagger (pain)
rCold  . . .     Clarity  +     a - +1 robe
rNeg   . . .     SustAb   .     (no shield)
rPois  .         Gourm    .     (helmet restricted)
rElec  .         Spirit   .     (no cloak)
rCorr  .         Warding  .     (no gloves)
rMut   .         Stasis   .     (boots unavailable)
MR     .....                    j - amulet of clarity
Stlth  ++........               h - ring of protection from fire
                                (no ring)

@: very slightly contaminated, hasted, very quick, not resistant to hostile
enchantments, unstealthy
A: beak, claws 1, talons 3
a: no special abilities


You were on level 2 of the Dungeon.
You were hungry.

You visited 1 branch of the dungeon, and saw 2 of its levels.

You collected 50 gold pieces.


Innate Abilities, Weirdness & Mutations

You have a beak for a mouth.
You have claws for feet.
You have sharp fingernails.


   Skills:
 - Level 2.1 Dodging
 - Level 2.0 Stealth
 + Level 2.2 Spellcasting
 + Level 3.8 Conjurations
 + Level 5.3 Air Magic


You had one spell level left.
You knew the following spells:

 Your Spells              Type           Power        Failure   Level  Hunger
d - Static Discharge      Conj/Air       ###.....     10%         3    ###....
s - Swiftness             Chrm/Air       ##......     12%         2    ###....
z - Shock                 Conj/Air       ###.         2%          1    #......

Inventory:

Hand weapons
 e - a +2 dagger of pain (weapon)
Missiles
 d - 19 stones (quivered)
Armour
 a - a +1 robe (worn)
Jewellery
 h - a ring of protection from fire (right claw)
 j - an amulet of clarity (around neck)
 n - an uncursed amulet of resist mutation
Potions
 g - a potion of flight {unknown}
Books
 b - a book of Air

   Spells                             Type                      Level
   a - Shock                          Conjuration/Air              1
   b - Swiftness                      Charms/Air                   2
   c - Repel Missiles                 Charms/Air                   2
   d - Flight                         Charms/Air                   3
   e - Static Discharge               Conjuration/Air              3
   f - Lightning Bolt                 Conjuration/Air              5
Comestibles
 c - 2 bread rations
 f - 2 slices of pizza
 l - a beef jerky

.... #......... ######.# ....
###...#.## #.. #...
#.#......# ###
#...###.###....# ######
#...#..........# #.....
#...#.....g....# #.....
#...........#.## #.....
###..#####.############.....
##....###..Q................
##..........†###########..>..
##.......†#..## #.....
#...........## #....<
#..........## #.....
##........## ######
##......## ##....## ##..##


You could see Ijyb.


Message History

Enchant which item? (? for menu, Esc to quit)
Your +0 robe glows green for a moment.
Read which item? (? for menu, Esc to quit)
As you read the scroll labeled STEYG YN PURGH, it crumbles to dust.
The air around you briefly surges with heat, but it dissipates.
It was a scroll of immolation.
Ijyb the Twisted Goblin comes into view.
Ijyb is nearby!
The helpless Ijyb fails to defend himself.
You puncture Ijyb! You peck Ijyb.
Ijyb is moderately wounded.
Ijyb zaps a wand.
The magic dart hits you!
It is a wand of magic darts.
Aiming: Shock
Aim: Ijyb, carrying a wand of magic darts {zapped: 1} (moderately wounded) That beam is likely to hit you.
Continue anyway?
The zap hits Ijyb.
Ijyb is heavily wounded.
The zap hits Ijyb.
Ijyb is severely wounded.
The zap hits you!
Ijyb zaps a wand.
The magic dart hits you!
* * * LOW HITPOINT WARNING * * *
Ijyb zaps a wand.
The magic dart hits you!
* * * LOW HITPOINT WARNING * * *
Drink which item? (? for menu, Esc to quit)
Okay, then.
Drink which item? (? for menu, Esc to quit)
You feel yourself speed up.
It was a potion of haste.
You are very lightly contaminated with residual magic.
Ijyb zaps a wand.
The magic dart hits you!
You die...

Action                   |  1- 3 |  4- 6 || total
-------------------------+-------+-------++-------
Melee: Unarmed           |    21 |       ||    21
       Dagger            |    21 |    12 ||    33
 Cast: Shock             |    69 |     8 ||    77
       Static Discharge  |       |     2 ||     2
  Use: Scroll            |     3 |     2 ||     5
       Potion            |     1 |     1 ||     2
 Stab: Sleeping          |     3 |     1 ||     4
  Eat: Chunk             |     4 |     1 ||     5

Vault maps used:
D:1:      elethiomel_arrival_infinity_welcomes_careful_drivers,
          minmay_crystal_room, minmay_box_of_dots
D:2:      roderic_bali_sauvastika, uniq_jessica, uniq_iyjb

Notes
Turn   | Place    | Note
--------------------------------------------------------------
     0 | D:1      | MackTheKnife, the Tengu Air Elementalist, began the quest for the Orb.
     0 | D:1      | Reached XP level 1. HP: 10/10 MP: 3/3
   285 | D:1      | Reached XP level 2. HP: 15/15 MP: 3/5
   289 | D:1      | Learned a level 2 spell: Swiftness
   319 | D:1      | Reached skill level 2 in Conjurations
  1203 | D:1      | Reached XP level 3. HP: 19/19 MP: 5/7
  1494 | D:2      | Reached skill level 3 in Conjurations
  1513 | D:2      | Gained mutation: You have sharp fingernails. [potion of beneficial mutation]
  1519 | D:2      | Learned a level 3 spell: Static Discharge
  1538 | D:2      | Reached skill level 5 in Air Magic
  1904 | D:2      | Noticed Jessica
  1911 | D:2      | Killed Jessica
  1911 | D:2      | Reached XP level 4. HP: 24/24 MP: 1/8
  2166 | D:2      | Noticed Ijyb
  2176 | D:2      | Killed from afar by Ijyb

Vanquished Creatures
  Jessica (D:2)
  An adder (D:2)
  A worm (D:2)
  An ooze (D:2)
  7 bats
  2 giant cockroaches (D:2)
  6 hobgoblins
  2 jackals (D:1)
  3 giant newts
  6 goblins
  10 kobolds
  A quokka (D:2)
  9 rats
50 creatures vanquished.
